 Dungeon Crawl Stone Soup version bcrawl-1.28.1b (webtiles) character file.

Game seed: 3843355126572314900

219052 KristoblXynda the Carver (level 8, -5/61 HPs)
             Began as a Pale Draconian Skald on Dec 13, 2020.
             Was an Initiate of Ashenzari.
             Slain by a wolf (7 damage)
             ... on level 7 of the Dungeon.
             The game lasted 00:07:29 (6359 turns).

KristoblXynda the Carver (Pale Draconian Skald)     Turns: 6359, Time: 00:07:29

Health: -5/61      AC:  8    Str: 13    XL:     8   Next: 64%
Magic:  11/11      EV: 14    Int: 16    God:    Ashenzari [......]
Gold:   620        SH:  1    Dex: 11    Spells: 10/11 levels left

rFire    . . .     SeeInvis .   a - +0 long sword
rCold    . . .     Gourm    .   (no shield)
rNeg     . . .     Faith    .   (armour unavailable)
rPois    .         Spirit   .   n - +0 hat
rElec    .         Reflect  .   f - +0 cloak
rCorr    .         Harm     .   i - +0 pair of gloves
MR       .....                  (no boots)
Stlth    +.........             (no amulet)
HPRegen  0.20/turn              (no ring)
MPRegen  0.12/turn              (no ring)

@: lightly drained
A: breathe steam, unfitting armour, cold-blooded, AC +6
a: Breathe Steam, Curse Item, Renounce Religion


You were on level 7 of the Dungeon.
You worshipped Ashenzari.
Ashenzari was noncommittal.
You were not hungry.

You visited 2 branches of the dungeon, and saw 8 of its levels.

You collected 620 gold pieces.

Inventory:

Hand Weapons
 a - a +0 long sword (weapon)
Armour
 f - a +0 cloak (worn)
 i - a +0 pair of gloves (worn)
 n - a +0 hat (worn)
Wands
 p - a wand of iceblast (9)
Scrolls
 c - a scroll of fear
 d - 2 scrolls of teleportation {unknown}
 h - 2 scrolls of magic mapping {unknown}
 j - 6 scrolls of amnesia {unknown}
 k - 3 scrolls of immolation
 l - 2 scrolls of remove curse {unknown}
 q - a scroll of fog {unknown}
Potions
 b - 2 potions of curing
 g - a potion of magic
 m - a potion of ambrosia
 o - a potion of agility {unknown}
 r - a potion of mutation {unknown}
 s - a potion of heal wounds {unknown}
Comestibles
 e - 13 rations {!d}


   Skills:
 - Level 2.1(1.8) Fighting
 * Level 8.0(7.6) Long Blades
 + Level 5.3(4.9) Dodging
 - Level 2.0(1.6) Spellcasting
 + Level 5.7(5.2) Charms


You had 10 spell levels left.
You knew the following spells:

 Your Spells              Type           Power        Failure   Level  Hunger
a - Infusion              Chrm           ###.....     2%          1    None

Your spell library contained the following spells:

 Spells                   Type           Power        Failure   Level  Hunger
 Song of Slaying          Chrm           ###.....     3%          2    ###....
 Ozocubu's Armour         Chrm/Ice       #.......     22%         3    #####..
 Regeneration             Chrm/Necr      #.........   22%         3    #####..
 Spectral Weapon          Hex/Chrm       #.......     22%         3    #####..


Dungeon Overview and Level Annotations

Branches:
Dungeon (7/12)             Temple (1/1) D:5
   Lair: D:7-9

Altars:
Ashenzari
Cheibriados
Dithmenos
Elyvilon
Gozag
Kikubaaqudgha
Lugonu
Makhleb
Nemelex Xobeh
Okawaru
Qazlal
Ru
Trog
Vehumet
Wu Jian
Xom
Yredelemnul
Zin
The Shining One

Shops:
D:5 =

Annotations:
D:3 2 transporters, 1 runed door


Innate Abilities, Weirdness & Mutations

You can breathe blasts of scalding, opaque steam.
Your pale cyan-grey scales are hard. (AC +6)
You cannot fit into any form of body armour.
You are cold-blooded and may be slowed by cold attacks.


Message History

The troll bites you!
* * * LOW HITPOINT WARNING * * *
The troll claws you but does no damage. The troll completely misses you.
The wolf misses you. The troll barely misses you. The troll misses you.
The troll claws you but does no damage. The wolf bites you but does no damage.
The wolf stops to sniff the ground.
The wolf completely misses you. The wolf misses you.
The wolf closely misses you. The wolf barely misses you. The wolf bites you.
* * * LOW HITPOINT WARNING * * *
The wolf bites you.
* * * LOW HITPOINT WARNING * * *
The wolf bites you but does no damage. The wolf misses you. The wolf bites you!
You die...

#.......# ######.......#
#.....######## #.....#......#
##### #.....'......+
#.#^#########.....#'#########
#.^..##.....................#
#_...'......................#
#.^.^##......T.h@...<.).....#
#^#^###.....................#
#######..†.#+#####..........#
######.....# #..........#
...........# #..........#
.......>...# #..........#
........<..# #..........#
##.........# #..........#
.#.........#


You could see a troll and a wolf.

Vanquished Creatures
  Grinder (D:6)
  2 ice beasts (D:5)
  2 black bears (D:6)
  An ogre (D:4)
  A centaur (D:5)
  2 bullfrogs
  2 scorpions
  3 wights
  2 crimson imps
  2 jellies
  2 bullfrog skeletons (D:5)
  An orc wizard (D:4)
  A centaur skeleton (D:7)
  4 worker ants
  A worker ant zombie (D:6)
  7 adders
  An adder skeleton (D:4)
  4 worms
  A dart slug (D:2)
  3 leopard geckos
  7 orcs
  4 bats
  4 giant cockroaches
  14 goblins
  11 hobgoblins
  5 jackals
  5 quokkas
  A ball python (D:1)
  5 frilled lizards
  11 kobolds
  5 rats
  A spectral orc (D:7)
116 creatures vanquished.

Notes
Turn   | Place    | Note
-------+----------+-------------------------------------------
     0 | D:1      | KristoblXynda the Draconian Skald began the quest for the
                  | Orb.
     0 | D:1      | Reached XP level 1. HP: 17/17 MP: 3/3
    90 | D:1      | Reached XP level 2. HP: 13/24 MP: 5/5
   655 | D:1      | Reached XP level 3. HP: 29/29 MP: 6/6
   898 | D:2      | Reached skill level 3 in Long Blades
  1362 | D:2      | Reached XP level 4. HP: 36/36 MP: 7/7
  1512 | D:2      | Found a stormy altar of Qazlal.
  1854 | D:3      | Found an ancient bone altar of Kikubaaqudgha.
  1908 | D:3      | Found an iron altar of Okawaru.
  1972 | D:3      | Found a transporter.
  1974 | D:3      | Noticed a two-headed ogre
  1982 | D:3      | Found a transporter.
  2102 | D:3      | Found a shimmering altar of Xom.
  2103 | D:3      | Found a shimmering altar of Xom.
  2128 | D:3      | Reached skill level 4 in Long Blades
  2128 | D:3      | Reached XP level 5. HP: 35/41 MP: 8/8
  2154 | D:3      | Found a shimmering altar of Xom.
  2377 | D:3      | Found a runed door.
  2930 | D:4      | Found a shattered altar of Ashenzari.
  3072 | D:4      | Found a glowing golden altar of the Shining One.
  3330 | D:4      | Reached XP level 6. HP: 34/48 MP: 9/9
  3477 | D:4      | Reached skill level 5 in Long Blades
  3732 | D:4      | Found a corrupted altar of Lugonu.
  3827 | D:5      | Entered Level 5 of the Dungeon
  3955 | D:5      | Found Dituqily's Jewellery Emporium.
  4175 | D:5      | Found a staircase to the Ecumenical Temple.
  4175 | D:5      | Noticed an ice beast
  4185 | D:5      | Killed an ice beast
  4186 | D:5      | Your scales start taking on a pale cyan-grey colour.
  4186 | D:5      | Reached XP level 7. HP: 55/55 MP: 10/10
  4193 | Temple   | Entered the Ecumenical Temple
  4391 | D:4      | Became a worshipper of Ashenzari the Shackled
  4487 | D:5      | Reached skill level 6 in Long Blades
  4988 | D:6      | Found a white marble altar of Elyvilon.
  4991 | D:6      | Found an opulent altar of Gozag.
  5424 | D:6      | Noticed Grinder
  5424 | D:6      | Paralysed by Grinder for 2 turns
  5431 | D:6      | Paralysed by Grinder for 4 turns
  5437 | D:6      | Killed Grinder
  5438 | D:6      | Reached skill level 7 in Long Blades
  5438 | D:6      | Reached skill level 5 in Charms
  5438 | D:6      | Reached XP level 8. HP: 61/61 MP: 11/11
  6006 | D:6      | Reached skill level 5 in Dodging
  6226 | D:7      | Reached skill level 8 in Long Blades
  6238 | D:7      | Found a basalt altar of Yredelemnul.
  6321 | D:7      | Noticed a troll
  6353 | D:7      | HP: 2/61 [wolf (4)]
  6359 | D:7      | Slain by a wolf

Skill      XL: |  1  2  3  4  5  6  7  8 |
---------------+-------------------------+-----
Charms         | 3 4 5 |  5.7
Long Blades    | 3 4 5 7 8 |  8.0
Dodging        | 3 4 5 |  5.3
Fighting       | |  2.1
Spellcasting   | |  2.0

Action                   |  1- 3 |  4- 6 |  7- 9 || total
-------------------------+-------+-------+-------++-------
Melee: Long sword        |   132 |   228 |   119 ||   479
       Tailslap          |    12 |    36 |    18 ||    66
 Abil: Breathe Steam     |       |       |    10 ||    10
  Use: Scroll            |     1 |     1 |     1 ||     3
       Potion            |       |     1 |     2 ||     3
 Stab: Sleeping          |     3 |       |       ||     3
  Eat: Chunk             |     5 |    15 |     8 ||    28
       Ration            |       |       |     1 ||     1
Armor: Skin              |    29 |    66 |    42 ||   137
Dodge: Dodged            |    75 |   131 |    89 ||   295
Block: Other             |       |       |     7 ||     7
